 Dungeon Sprint DCSS version 0.22.1-2-g9c5b331 (webtiles) character file.

81 diana the Insei (level 4, -1/38 HPs)
             Began as a Demigod Transmuter on Dec 24, 2018.
             Slain by a human (6 damage)
             ... in the Dungeon (Sprint III: "The Ten Rune Challenge").
             The game lasted 00:00:56 (176 turns).

diana the Insei (Demigod Transmuter)                 Turns: 176, Time: 00:00:56

Health: -1/38      AC:  2    Str: 14 (15) XL:     4   Next: 0%
Magic:  9/9        EV: 19    Int: 15 (17) God:
Gold:   31         SH:  0    Dex: 19 (21) Spells: 5/6 levels left

rFire    . . .     SeeInvis .     - Unarmed
rCold    . . .     Gourm    .   (no shield)
rNeg     . . .     Faith    .   b - +0 robe
rPois    .         Spirit   .   (no helmet)
rElec    .         Reflect  .   (no cloak)
rCorr    .         Harm     .   (no gloves)
MR       .....     Clarity  +   (no boots) Stlth +++.......NoTele +
                                (no amulet)
HPRegen  0.12/turn              (no ring)
MPRegen  0.11/turn              (no ring)

@: agile, lethally poisoned (-1 -> -2), berserk cooldown, slowed, very slow
A: claws 1, clarity, high mp 1, sturdy frame 1
a: no special abilities


You were in the Dungeon.
You were not hungry.

You visited 1 branch You collected 31 gold pieces.

Inventory:

Missiles
 a - 12 arrows
Armour
 b - a +0 robe (worn)
Scrolls
 f - 2 scrolls of torment {unknown}
 i - 2 scrolls of identify
 j - a scroll of blinking
 k - 4 scrolls of remove curse
 m - a scroll of enchant armour {unknown}
Potions
 e - 4 potions of mutation
 g - a potion of haste
 h - 2 potions of magic
 n - 2 potions of flight
Comestibles
 d - 3 rations


   Skills:
 + Level 3.3 Fighting
 + Level 3.1 Armour
 + Level 3.7 Dodging
 * Level 5.4 Unarmed Combat
 - Level 1.7 Spellcasting
 - Level 1.7 Transmutations


You had 5 spell levels left.
You knew the following spells:

 Your Spells              Type           Power        Failure   Level  Hunger
a - Beastly Appendage     Tmut           #.....       11%         1    ##.....

Your spell library contained the following spells:

 Spells                   Type           Power        Failure   Level  Hunger
 Sticks to Snakes         Tmut           #.......     17%         2    ###....
 Spider Form              Tmut/Pois      #.........   43%         3    ####...
 Ice Form                 Ice/Tmut       #.......     85%         4    #####..
 Blade Hands              Tmut           #.........   97%         5    ######.


Dungeon Overview and Level Annotations

Branches:
Dungeon (1/1)


Innate Abilities, Weirdness & Mutations

You have an increased reservoir of magic. (+10% MP)
You have sharp fingernails.
You possess an exceptional clarity of mind.
Your movements are slightly less encumbered by armour. (ER -2)


Message History

m - a scroll labeled DONATH AM UCUZ
k - 4 scrolls of remove curse (gained 2)
d - 3 rations (gained 1);
e - 5 potions of mutation (gained 2)
n - 2 potions of flight You feel sick.
You now have 31 gold pieces (gained 13).
You feel extremely strange.
You feel less encumbered by your armour.
Your fingernails lengthen.
Your thoughts seem clearer.
You feel sick. The human closely misses you. The human hits you!
You closely miss the human. The human hits you!
* * * LOW HITPOINT WARNING * * *
It was a potion of agility.
You feel agile all of a sudden. The human misses you.
The human closely misses you.
It was a potion of degeneration.
There was something very wrong with that liquid.
You feel weakened.
You feel dopey.
You feel clumsy.
You feel sick. The human hits you.
You die...

▓▓▓▓▓▓▓▓▓▓▓▓▓
▓<.#..p...♣.♣
▓..#.@#.....♣♣
▓#'####....♣.♣
▓.†...#.†..≈.♣♣
▓.....#...≈≈...
▓.....#..≈≈≈≈.♣
▓####'#..≈≈≈p≈≈
▓...).#.≈≈≈≈≈≈.
▓.....#.≈≈≈≈≈..
▓.....#.≈≈≈....


You could see a human.

Vanquished Creatures
  A scorpion (D)
  Jessica (D)
  3 rats (D)
5 creatures vanquished.

Vanquished Creatures (others)
  2 draconian scorchers (D)
  6 hellions (D)
  A yaktaur (D)
9 creatures vanquished.

Grand Total: 14 creatures vanquished

Notes
Turn   | Place    | Note
-------+----------+-------------------------------------------
     0 | D        | diana the Demigod Transmuter began the quest for the Orb.
     0 | D        | Reached XP level 1. HP: 15/15 MP: 5/5
     4 | D        | Reached skill level 1 in Fighting
     8 | D        | Reached skill level 3 in Unarmed Combat
    14 | D        | Noticed Jessica
    24 | D        | Killed Jessica
    24 | D        | Reached skill level 4 in Unarmed Combat
    24 | D        | Reached XP level 2. HP: 15/25 MP: 7/7
    79 | D        | Killed a hellion
    86 | D        | Killed a hellion
    99 | D        | Killed a hellion
    99 | D        | Killed a hellion
   100 | D        | Killed a hellion
   123 | D        | Killed a hellion
   142 | D        | Noticed a scorpion
   159 | D        | Killed a scorpion
   159 | D        | Reached skill level 5 in Unarmed Combat
   159 | D        | Reached XP level 3. HP: 31/31 MP: 6/8
   159 | D        | Reached XP level 4. HP: 38/38 MP: 6/9
   166 | D        | Killed a yaktaur
   173 | D        | Gained mutation: Your movements are slightly less
                  | encumbered by armour. (ER -2) [potion of mutation]
   173 | D        | Gained mutation: You have sharp fingernails. [potion of
                  | mutation]
   173 | D        | Gained mutation: You possess an exceptional clarity of
                  | mind. [potion of mutation]
   174 | D        | Killed a white draconian scorcher
   175 | D        | Killed a white draconian scorcher
   176 | D        | Slain by a human

Skill      XL: |  1  2 |
---------------+-------+-----
Fighting       | 2 3 |  3.3
Dodging        | 2 3 |  3.7
Unarmed Combat | 4 5 |  5.4
Armour         | 2 3 |  3.1
Spellcasting   | |  1.7
Transmutations | |  1.7

Action                   |  1- 3 |  4- 6 || total
-------------------------+-------+-------++-------
Melee: Unarmed           |    24 |     1 ||    25
       Kick              |     3 |       ||     3
       Punch             |     1 |       ||     1
       Headbutt          |     1 |       ||     1
 Cast: Beastly Appendage |     2 |       ||     2
  Use: Potion            |     3 |     3 ||     6
Armor: Robe              |     2 |       ||     2
Dodge: Dodged            |     9 |     3 ||    12
